 Dungeon Crawl Stone Soup version 0.20.1 (webtiles) character file.

202 doot the Sneak (level 5, 0/37 HPs)
             Began as a Vampire Enchanter on July 2, 2017.
             Slain by an orc priest (1 damage)
             ... on level 2 of the Dungeon.
             The game lasted 00:11:55 (2438 turns).

doot the Sneak (Vampire Enchanter)                  Turns: 2438, Time: 00:11:56

Health: 0/37       AC:  2    Str: 15    XL:     5   Next: 50%
Magic:  1/9        EV: 13    Int: 22    God:
Gold:   121        SH:  0    Dex: 16    Spells: 0/9 levels left

rFire    . . .     SeeInvis +   a - +1 dagger
rCold    . . .     Gourm    .   (no shield)
rNeg     + . .     Faith    .   b - +0 robe
rPois    .         Spirit   .   (no helmet)
rElec    .         Reflect  .   (no cloak)
rCorr    .         Harm     .   (no gloves)
MR       .....                  (no boots)
Stlth    ++++......             (no amulet)
Regen    0.2/turn               v - +3 ring of strength
MPRegen  0.2/turn               (no ring)

@: mighty, brilliant, flying, very slightly contaminated, hasted, very quick
A: fangs 3, see invisible, unbreathing
a: Bat Form


You were on level 2 of the Dungeon.
You were not thirsty.

You visited 1 branch of the dungeon, and saw 4 of its levels.

You collected 196 gold pieces.
You spent 75 gold pieces at shops.

Inventory:

Hand Weapons
 a - a +1 dagger (weapon)
Missiles
 h - 29 bolts
 o - 12 poisoned needles
Armour
 b - a +0 robe (worn)
Jewellery
 v - a +3 ring of strength (left hand)
Scrolls
 g - 2 scrolls of enchant weapon
 i - 3 scrolls of remove curse {unknown}
 l - a scroll of recharging {unknown}
 m - a scroll of identify {unknown}
 n - 2 scrolls of teleportation {unknown}
 p - a scroll of random uselessness {unknown}
Potions
 d - 10 potions of blood
 e - a potion of might
 f - a potion of lignification {unknown}
 k - a potion of invisibility {unknown}
 q - a potion of heal wounds {unknown}
 r - 2 potions of curing
 t - a potion of mutation {unknown}
 u - a potion of brilliance
Books
 c - a book of Maledictions

   Spells                             Type                      Level
   a - Corona                         Hexes                        1
   b - Ensorcelled Hibernation        Hexes/Ice                    2
   c - Confuse                        Hexes                        3
   d - Tukima's Dance                 Hexes                        3
   e - Dazzling Spray                 Conjuration/Hexes            3


   Skills:
 + Level 1.1 Fighting
 + Level 2.2 Short Blades
 + Level 2.3 Dodging
 + Level 6.8 Stealth
 + Level 2.6 Spellcasting
 + Level 5.4 Hexes
 + Level 1.2 Ice Magic


You couldn't memorise any spells.
You knew the following spells:

 Your Spells              Type           Power        Failure   Level  Hunger
a - Corona                Hex            #####..      1%          1    None
b - Ensorcelled Hibernat  Hex/Ice        ####..       1%          2    ##.....
c - Confuse               Hex            #####...     1%          3    ###....
d - Tukima's Dance        Hex            #####...     1%          3    ###....


Dungeon Overview and Level Annotations

Branches:
Dungeon (4/15)
 Temple: D:4-7

Altars:

Shops:
D:4 *

Annotations:
D:3 Sigmund


Innate Abilities, Weirdness & Mutations

You have razor-sharp teeth.
You have supernaturally acute eyesight. (SInv)
You can survive without breathing.


Message History

The orc priest mumbles some strange prayers to Beogh against you.
Beogh smites you!
* * * LOW HITPOINT WARNING * * *
You feel better. The orc priest closely misses you.
It was a potion of brilliance.
You feel clever all of a sudden.
The orc priest invokes the aid of Beogh against you.
Pain shoots through your body!
* * * LOW HITPOINT WARNING * * *
It was a potion of might.
You feel very mighty all of a sudden. The orc priest hits you.
* * * LOW HITPOINT WARNING * * *
It was a potion of flight.
You feel very buoyant.
You fly up into the air.
The orc priest hits you.
* * * LOW HITPOINT WARNING * * *
It was a potion of haste.
You feel yourself speed up.
The orc priest stops glowing.
The orc priest hits you.
You die...

###### ##.[..# ##..##.##
#..##...## ##.##8...8##
#..#......o#
########.##.>.8.@.#
........<##.......#
.###.#######8.>.8## .# #.#
##...## .###.##
############## .##.[.##
#..........#
##...<)########.########.#
....................# #.#
.#.....###.####.###.# #.#


You could see an orc priest.

Vanquished Creatures
  A scorpion (D:4)
  Terence (D:2)
  A hound skeleton (D:4)
  8 adders
  A worm (D:4)
  A dart slug (D:1)
  3 leopard geckos (D:1)
  2 ball pythons (D:1)
  A bat (D:1)
  A giant cockroach (D:2)
  3 goblins
  3 hobgoblins
  4 jackals
  A quokka (D:2)
  A frilled lizard (D:2)
  3 kobolds
  6 rats
41 creatures vanquished.

Notes
Turn   | Place    | Note
-------+----------+-------------------------------------------
     0 | D:1      | doot the Vampire Enchanter began the quest for the Orb.
     0 | D:1      | Reached XP level 1. HP: 13/13 MP: 3/3
   306 | D:1      | Reached XP level 2. HP: 19/19 MP: 5/5
   319 | D:1      | Learned a level 2 spell: Ensorcelled Hibernation
   941 | D:2      | Reached XP level 3. HP: 25/25 MP: 3/6
  1131 | D:2      | Reached skill level 5 in Stealth
  1301 | D:2      | You fall through a shaft for 2 floors!
  1308 | D:4      | Found Suan's General Store.
  1319 | D:4      | Bought a scroll of enchant weapon for 75 gold pieces
  1337 | D:4      | Reached skill level 5 in Hexes
  1371 | D:3      | Noticed Sigmund
  1497 | D:4      | Noticed a scorpion
  1502 | D:4      | Killed a scorpion
  1502 | D:4      | Reached skill level 6 in Stealth
  1502 | D:4      | Reached XP level 4. HP: 31/31 MP: 0/7
  1628 | D:4      | Reached skill level 1 in Fighting
  1692 | D:4      | Noticed an ogre
  1986 | D:4      | Reached skill level 1 in Ice Magic
  1986 | D:4      | Reached XP level 5. HP: 30/37 MP: 8/8
  1991 | D:4      | Learned a level 3 spell: Confuse
  1995 | D:4      | Learned a level 3 spell: Tukima's Dance
  2295 | D:2      | Noticed Terence
  2302 | D:2      | Killed Terence
  2433 | D:2      | HP: 1/37 [orc priest/divine providence (12)]
  2438 | D:2      | Slain by an orc priest

Skill      XL: |  1  2  3  4 |
---------------+-------------+-----
Stealth        | 6 |  6.8
Hexes          | 5 |  5.4
Short Blades   | 2 |  2.2
Fighting       | 1 |  1.1
Ice Magic      | 1 |  1.2
Dodging        | |  2.3
Spellcasting   | |  2.6

Action                   |  1- 3 |  4- 6 || total
-------------------------+-------+-------++-------
Melee: Dagger            |    65 |    52 ||   117
       Bite              |     2 |     7 ||     9
 Cast: Corona            |     6 |     3 ||     9
       Ensorcelled Hiber |    16 |    14 ||    30
 Abil: End Transformatio |       |     1 ||     1
       Bat Form          |       |     1 ||     1
  Use: Potion            |     2 |    10 ||    12
 Stab: Sleeping          |    17 |    11 ||    28
Armor: Robe              |    17 |     5 ||    22
Dodge: Dodged            |    48 |    31 ||    79
